 Dungeon Crawl Stone Soup version 0.31-a0-7-g51783674b7 (webtiles) character file.

Game seed: 11299256062137997824

42 Pimp the Trooper (level 3, -3/29 HPs)
             Began as a Demonspawn Fighter on May 5, 2023.
             Killed from afar by Sigmund (5 damage)
             ... with a magic dart
             ... on level 2 of the Dungeon.
             The game lasted 00:02:14 (841 turns).

Pimp the Trooper (Demonspawn Fighter)                Turns: 841, Time: 00:02:15

Health: -3/29      AC:  6    Str: 18    XL:     3   Next: 33%
Magic:  3/3        EV:  9    Int:  9    God:
Gold:   22         SH:  5    Dex: 14    Spells: 2/2 levels left

rFire   . . .        a - +0 war axe
rCold   . . .        c - +0 buckler
rNeg    . . .        b - +0 scale mail
rPois   .            (no helmet)
rElec   .            (no cloak)
rCorr   .            (no gloves)
SInv    .            (no boots)
Will    .....        (no amulet)
Stlth   +            (no ring)
HPRegen 0.24/turn    (no ring)
MPRegen 0.08/turn

%: no passive effects
@: mighty
A: thin skeletal structure 1
a: no special abilities


You were on level 2 of the Dungeon.
You visited 1 branch of the dungeon, and saw 2 of its levels.

You collected 22 gold pieces.

Inventory:

Hand Weapons
 a - a +0 war axe (weapon)
Armour
 b - a +0 scale mail (worn)
 c - a +0 buckler (worn)
Scrolls
 e - a scroll of fog {unknown}
 h - a scroll of noise {unknown}
 i - a scroll of identify {unknown}
Potions
 f - a potion of berserk rage {unknown}
 g - a potion of degeneration {unknown}


   Skills:
 + Level 3.4 Fighting
 + Level 2.3 Axes
 + Level 3.1 Armour
 + Level 3.0 Shields


You had 2 spell levels left.
You didn't know any spells.
Your spell library contained the following spells:

 Spells                   Type           Power      Damage    Failure   Level
 Summon Small Mammal      Summ           0%         N/A       85%         1
 Call Canine Familiar     Summ           0%         N/A       99%         3
 Summon Guardian Golem    Hex/Summ       0%         N/A       99%         3


Dungeon Overview and Level Annotations

Branches:
Dungeon (2/15)

Altars:
Kikubaaqudgha

Shops:
D:1 :

Annotations:
D:2 Sigmund


Innate Abilities, Weirdness & Mutations

You have a somewhat thin skeletal structure. (Dex +2, Stealth+)


Message History

Robin closely misses you.
Robin hits you with a +3 short sword of speed.
You hit Robin but do no damage.
Robin is heavily wounded.
Robin hits you with a +3 short sword of speed.
Robin says, "My goblins will feast on your bones."
Robin hits you but does no damage.
You barely miss Robin.
Robin is heavily wounded.
The hobgoblin no longer looks unusually strong.
Robin roars a battlecry!
The hobgoblin goes into a battle-frenzy!
You block Robin's attack.
You hit Robin but do no damage.
Robin is heavily wounded.
Robin hits you but does no damage. Robin closely misses you.
You closely miss Robin.
Robin is heavily wounded.
Robin barely misses you.
Sigmund the Dreaded comes into view.
He is wielding a +0 scythe and carrying a wand of flame (27).
Robin hits you but does no damage.
Sigmund shouts!
You hit Robin.
Robin is almost dead.
The hobgoblin no longer looks unusually strong.
Robin hits you but does no damage. You block Robin's attack.
Sigmund casts a spell at you. You resist with significant effort.
You feel very mighty all of a sudden.
Robin hits you with a +3 short sword of speed.
Sigmund gestures at you while chanting. The puff of flame hits you!
* * * LOW HITPOINT WARNING * * *
Robin roars a battlecry!
The hobgoblin goes into a battle-frenzy!
You slash Robin!
You kill Robin!
Sigmund gestures at you while chanting. The magic dart hits you.
You die...

........########
.##.............
#.##.#.######.
.........# .#
.##.##.#..###.##.
# #...).)......
.....#@†#.##$#.
#.#.##.........
...#. #@.##.###.
## # #)## # #g#


#gg #g# #.. ... ### You could see Sigmund, 2 hobgoblins and 2 goblins.

Vanquished Creatures
  Robin (D:2)
  3 endoplasms
  8 goblins
  4 hobgoblins
  4 jackals (D:1)
  3 quokkas (D:1)
  3 ball pythons (D:1)
  4 bats (D:1)
  2 frilled lizards (D:1)
  3 kobolds (D:1)
  2 rats (D:1)
37 creatures vanquished.

Notes
Turn   | Place    | Note
-------+----------+-------------------------------------------
     0 | D:1      | Pimp the Demonspawn Fighter began the quest for the Orb.
     0 | D:1      | Reached XP level 1. HP: 18/18 MP: 1/1
   114 | D:1      | Found a faded altar of an unknown god.
   171 | D:1      | Gained mutation: You have a somewhat thin skeletal
                  | structure. (Dex +2, Stealth+) [demonic ancestry]
   171 | D:1      | Reached XP level 2. HP: 21/24 MP: 2/2
   193 | D:1      | Found Udiwul's Vocational Training.
   578 | D:1      | Reached XP level 3. HP: 29/29 MP: 3/3
   733 | D:2      | Found an ancient bone altar of Kikubaaqudgha.
   821 | D:2      | Noticed Robin
   838 | D:2      | Noticed Sigmund
   841 | D:2      | Killed Robin
   841 | D:2      | Killed from afar by Sigmund

Illustrated notes

Levels and vault maps discovered:
D:1:      elethiomel_arrival_infinity_welcomes_careful_drivers, layout_rooms,
          hellmonk_ecumenical_altar_pennies_from_heaven, grunt_decor_arrowhead,
          nicolae_shop_vocational
D:2:      layout_loops_ring, basic_altar, uniq_robin, uniq_sigmund

Skill      XL: |  1  2 |
---------------+-------+-----
Axes           | 2 |  2.3
Armour         | 3 |  3.1
Shields        | 3 |  3.0
Fighting       | |  3.4

Action                     || total
---------------------------++-------
  Melee: War axe           ||    93
    Use: Potion            ||     1
 Armour: Scale mail        ||    66
  Dodge: Dodged            ||    43
  Block: Buckler           ||    30

Table legend: (Time is in decaauts)
 A = Elapsed time spent in this place.
 B = Non-inter-level travel time spent in this place.
 C = Inter-level travel time spent in this place.
 D = Time resting spent in this place.
 E = Time spent auto-exploring this place.
 F = Levels seen in this place.
 G = Mean time per level.
                   A        B        C        D        E       F      G
               +--------+--------+--------+--------+--------+-----+--------+
         Total |    882 |    856 |     26 |     38 |    575 |   2 |  441.0 |
       Dungeon |    882 |    856 |     26 |     38 |    575 |   2 |  441.0 |
               +--------+--------+--------+--------+--------+-----+--------+

Top non-repeatable levels by time:
     D:1: 754 daAuts
     D:2: 128 daAuts
